 Seeded DCSS version 0.27.1-33-g824d729ab1 (webtiles) character file.

Game seed: 1 (custom seed)

128 solopath the Poker (level 4, -2/33 HPs)
             Began as a Demonspawn Gladiator on Dec 1, 2021.
             Was a Follower of Cheibriados.
             Slain by Jessica (14 damage)
             ... on level 2 of the Dungeon.
             The game lasted 00:03:24 (2208 turns).

solopath the Poker (Demonspawn Gladiator)           Turns: 2208, Time: 00:03:25

Health: -2/33      AC:  3    Str: 18    XL:     4   Next: 86%
Magic:  4/4        EV: 12    Int: 13    God:    Cheibriados [*.....]
Gold:   74         SH:  0    Dex: 17    Spells: 3/3 levels left

rFire    . . .     SeeInvis .   a - +0 trident
rCold    . . .     Faith    .   (no shield)
rNeg     . . .     Spirit   .   b - +0 leather armour
rPois    .         Reflect  .   (helmet restricted)
rElec    .         Harm     .   (no cloak)
rCorr    .         Rampage  .   (no gloves)
Will     .....                  (no boots)
Stlth    +.........             (no amulet)
HPRegen  0.11/turn              (no ring)
MPRegen  0.09/turn              (no ring)

@: very slow
A: antennae 1, demonic guardian 1
a: Renounce Religion, Bend Time


You were on level 2 of the Dungeon.
You worshipped Cheibriados.
Cheibriados was aware of your devotion.
You visited 1 branch of the dungeon, and saw 2 of its levels.

You collected 74 gold pieces.

Inventory:

Hand Weapons
 a - a +0 trident (weapon)
Missiles
 d - 2 throwing nets (quivered)
Armour
 b - a +0 leather armour (worn)
 c - a +0 helmet
 g - the +2 cloak of the Vanishing Lies {rPois Will+}
   (You acquired it on level 2 of the Dungeon)

   rPois:     It protects you from poison.
   Will:      It increases your willpower.
Magical Staves
 f - a staff of poison
Scrolls
 e - a scroll of enchant weapon {unknown}
 i - a scroll of fog


   Skills:
 - Level 2.0 Fighting
 * Level 5.1 Polearms
 - Level 1.7 Throwing
 - Level 2.6 Dodging
 + Level 0.1 Stealth
 + Level 0.2 Invocations


You had 3 spell levels left.
You didn't know any spells.
Your spell library was empty.

Dungeon Overview and Level Annotations

Branches:
Dungeon (2/15)

Altars:
Cheibriados

Shops:
D:1 [   D:2 :

Annotations:
D:2 Jessica


Innate Abilities, Weirdness & Mutations

You have a pair of small antennae on your head.
A weak demonic guardian rushes to your aid.


Message History

i - a scroll of fog A bat comes into view.
The bat moves out of view.
You reach to attack!
You puncture the bat!
You kill the bat!
Cheibriados thoroughly appreciates the change of pace.
You reach to attack!
You hit Jessica.
Jessica is moderately wounded.
Jessica hits you with a +1 dagger of electrocution.
You barely miss Jessica.
Jessica is moderately wounded.
Jessica barely misses you. x2
You barely miss Jessica.
Jessica is moderately wounded.
Jessica hits you with a +1 dagger of electrocution.
You are electrocuted!
You completely miss Jessica.
Jessica is moderately wounded.
Jessica hits you with a +1 dagger of electrocution.
Jessica gestures at you while chanting. You resist with some effort.
You closely miss Jessica.
Jessica is moderately wounded.
Jessica gestures wildly while chanting.
Jessica blinks!
Throw: 3 throwing nets
Press: ? - help, Q - select action, (/) - cycle Shift-Dir - straight line, f/p - Jessica
Aim: Jessica, wielding a +1 dagger of electrocution and wearing a +2 robe of positive energy (moderately wounded, fast, 60% to hit)
You throw a throwing net. The throwing net hits Jessica.
Jessica is caught in the net!
Jessica is moderately wounded.
Jessica struggles against the net. x2
Jessica struggles against the net. x2
Jessica mumbles some strange words.
Jessica blinks!
You hit Jessica but do no damage.
Jessica is moderately wounded.
Jessica hits you with a +1 dagger of electrocution!
You are electrocuted!
You die...

#### ..# #.# #.#
#@# #@# #.# #.#
#§#######
#.......#
#######.##########
#...........
######...##.
##⌠.⌠#.


You could see Jessica (fast).

Vanquished Creatures
  Natasha (twice) (D:2)
  An adder (D:2)
  A worm (D:2)
  2 dart slugs (D:2)
  An orc (D:2)
  2 bats
  4 endoplasms
  3 giant cockroaches (D:1)
  2 goblins
  6 hobgoblins
  4 jackals
  2 quokkas (D:1)
  2 ball pythons
  A frilled lizard (D:2)
  3 kobolds (D:1)
  2 rats (D:1)
38 creatures vanquished.

Vanquished Creatures (collateral kills)
  An adder (D:2)
  A worm (D:2)
  A dart slug (D:2)
  3 jackals (D:2)
  A ball python (D:2)
  A kobold (D:2)
8 creatures vanquished.

Grand Total: 46 creatures vanquished

Notes
Turn   | Place    | Note
-------+----------+-------------------------------------------
     0 | D:1      | solopath the Demonspawn Gladiator began the quest for the
                  | Orb.
     0 | D:1      | Reached XP level 1. HP: 16/16 MP: 1/1
    61 | D:1      | Reached skill level 3 in Polearms
   142 | D:1      | Gained mutation: You have a pair of small antennae on your
                  | head. [demonic ancestry]
   142 | D:1      | Reached XP level 2. HP: 22/22 MP: 2/2
   603 | D:1      | Found Ratsomn's Armour Emporium.
  1055 | D:2      | Found a faded altar of an unknown god.
  1066 | D:2      | Gained mutation: A weak demonic guardian rushes to your
                  | aid. [demonic ancestry]
  1066 | D:2      | Reached XP level 3. HP: 15/27 MP: 3/3
  1125 | D:2      | Became a worshipper of Cheibriados the Contemplative
  1125 | D:2      | Reached * piety under Cheibriados
  1281 | D:2      | Reached skill level 4 in Polearms
  1390 | D:2      | Noticed Natasha
  1400 | D:2      | Killed Natasha
  1401 | D:2      | Reached XP level 4. HP: 18/33 MP: 4/4
  1514 | D:2      | Noticed Natasha
  1519 | D:2      | Killed Natasha
  1739 | D:2      | Reached skill level 5 in Polearms
  2166 | D:2      | Found Tiozine's Book Boutique.
  2189 | D:2      | Noticed Jessica
  2191 | D:2      | Identified a scroll of acquirement
  2191 | D:2      | Acquired the +2 cloak of the Vanishing Lies {rPois Will+}
  2208 | D:2      | Slain by Jessica

Illustrated notes

Levels and vault maps discovered:
D:1:      co_arrival_square_in_a_square_in_a_square, layout_loops_ring,
          serial_shops, nicolae_shop_temple_entry_statues_fountains
D:2:      layout_loops_ring, serial_shops, shop_fountains,
          basic_ecumenical_altar, uniq_jessica, uniq_natasha

Skill      XL: |  1  2  3  4 |
---------------+-------------+-----
Polearms       | 3 4 5 |  5.1
Fighting       | |  2.0
Throwing       | |  1.7
Dodging        | |  2.6
Stealth        | |  0.1
Invocations    | |  0.2

Action                   |  1- 3 |  4- 6 || total
-------------------------+-------+-------++-------
Melee: Trident           |   120 |    54 ||   174
Throw: Throwing net      |       |     1 ||     1
  Use: Potion            |     1 |       ||     1
       Scroll            |       |     2 ||     2
 Stab: Sleeping          |     3 |     1 ||     4
       Distracted        |     1 |       ||     1
Armor: Leather armour    |    33 |     5 ||    38
Dodge: Dodged            |    83 |    25 ||   108
